 Dungeon Crawl Stone Soup version 0.29-a0-577-gafbf2c5d25 (webtiles) character file.

Game seed: 4586580237887395577

26 beeps the Covered (level 3, -6/27 HPs)
             Began as a Meteoran Wanderer on June 13, 2022.
             Mangled by an ogre
             ... wielding a +0 giant club
              (14 damage)
             ... on level 4 of the Dungeon.
             The game lasted 00:09:20 (745 turns).

beeps the Covered (Meteoran Wanderer)                Turns: 745, Time: 00:09:21

Health: -6/27      AC:  9    Str: 13    XL:     3   Next: 41%
Magic:  4/4        EV:  6    Int: 13    God:
Gold:   0          SH:  0    Dex: 16    Spells: 2/2 levels left

rFire   . . .      SeeInvis .     - Unarmed
rCold   . . .      Faith    .   (no shield)
rNeg    . . .      Spirit   .   a - +0 chain mail
rPois   .          Reflect  .   (no helmet)
rElec   .          Harm     .   (no cloak)
rCorr   .          Rampage  .   (no gloves)
Will    .....                   (no boots)
Stlth   ..........              (no amulet)
HPRegen 0.09/turn               (no ring)
MPRegen 0.09/turn               (no ring)

@: glowing
A: sense surroundings 1, otherworldly, glowing, explore regen
a: no special abilities


You were on level 4 of the Dungeon.
You visited 1 branch of the dungeon, and saw 4 of its levels.

Inventory:

Hand Weapons
 b - a +0 hunting sling
 e - a +0 dagger
Missiles
 i - 15 stones (quivered)
Armour
 a - a +0 chain mail (worn)
Scrolls
 d - a scroll of vulnerability
 h - a scroll of immolation
Potions
 c - a potion of curing
 f - a potion of ambrosia {unknown}
 g - a potion of attraction


   Skills:
 + Level 0.7 Fighting
 - Level 1.2 Throwing
 - Level 5.0 Armour
 + Level 1.0 Dodging
 - Level 1.4 Stealth
 * Level 3.3 Unarmed Combat
 - Level 1.6 Evocations


You had 2 spell levels left.
You didn't know any spells.
Your spell library was empty.

Dungeon Overview and Level Annotations

Branches:
Dungeon (4/15)
 Temple: D:4-7

Altars:


Innate Abilities, Weirdness & Mutations

You passively map a small area around you.
You are easily found by Zot.
You glow in the dark.
You regain HP and MP as you explore.


Message History

You hit the quokka.
The quokka is heavily wounded.
The quokka bites you.
The quokka bites you but does no damage.
You closely miss the quokka.
The quokka is heavily wounded.
The quokka bites you.
You hit the quokka but do no damage.
The quokka is heavily wounded.
The quokka bites you but does no damage.
You hit the quokka.
The quokka is almost dead.
The quokka barely misses you.
You closely miss the quokka.
The quokka is almost dead.
The quokka bites you but does no damage.
You hit the quokka.
You kill the quokka!
You hit the kobold.
You kill the kobold!
Your Dodging skill increases to level 1!
You hit the orc.
The orc is moderately wounded.
The orc barely misses you.
You barely miss the orc.
The orc is moderately wounded.
You hit the orc.
The orc is severely wounded.
The orc hits you with a +0 short sword.
You hit the orc.
You kill the orc!
You barely miss the ogre. The ogre hits you with a +0 giant club!
* * * LOW HITPOINT WARNING * * *
You are too injured to fight recklessly!
You are too injured to fight recklessly!
As you read the scroll labelled GYTOOPNOHA, it crumbles to dust.
The creatures around you are filled with an inner flame!
It was a scroll of immolation.
The ogre hits you with a +0 giant club!
Ouch! That really hurt!
You die...

, , , , , , # ,
, .# , , , . , ,
........... ,
.#* *
..........# ###.
#.........# #.(
, , #.........#
#O# * ,
#.........# #@#
#.........#
#.#,* ≈
#..[....).# #.#
*, #......)..#
#.# , ,
#.......### #.#
#.#####.######.#
,
#..............#
,,
#######.########
, , , #.# , ,


You could see an ogre (inner flame).

Vanquished Creatures
  A dart slug (D:1)
  4 orcs
  A ball python (D:2)
  A goblin (D:1)
  5 kobolds
  2 quokkas
  3 bats
  A frilled lizard (D:1)
  2 rats (D:1)
20 creatures vanquished.

Notes
Turn   | Place    | Note
-------+----------+-------------------------------------------
     0 | D:1      | beeps the Meteoran Wanderer began the quest for the Orb.
     0 | D:1      | beeps set off with the following items: a +0 dagger, a
                  | potion of attraction, a potion of curing, a scroll of
                  | vulnerability, a +0 chain mail
     0 | D:1      | Reached XP level 1. HP: 14/14 MP: 2/2
    92 | D:1      | Reached XP level 2. HP: 4/20 MP: 3/3
   355 | D:1      | Reached skill level 5 in Armour
   487 | D:1      | Glimpsed the power of Zot.
   667 | D:3      | Reached XP level 3. HP: 21/27 MP: 4/4
   731 | D:4      | Noticed an ogre
   740 | D:4      | Reached skill level 1 in Dodging
   745 | D:4      | Mangled by an ogre

Illustrated notes

Levels and vault maps discovered:
D:1:      dpeg_arrival_subterranean_lakeside_camping, layout_loops_ring,
          chequers_ecumenical_altar_simple
D:2:      minmay_angry_zag, layout_rooms
D:3:      layout_basic, nicolae_gozag_cash_rules_everything_around_me,
          mainiacjoe_overflow_brackets, pdpol_wu_jian_five_deadly_venoms
D:4:      layout_basic, mainiacjoe_overflow_tiny_flanked,
          lemuel_coloured_pillars_altar, guppyfry_early_lair_pool,
          uniq_crazy_yiuf_cottage, uniq_natasha, uniq_menkaure

Skill      XL: |  1  2  3 |
---------------+----------+-----
Armour         | 5 |  5.0
Unarmed Combat | 3 |  3.3
Dodging        | 1 |  1.0
Fighting       | |  0.7
Throwing       | |  1.2
Stealth        | |  1.4
Evocations     | |  1.6

Action                   || total
-------------------------++-------
Melee: Unarmed           ||    76
       Punch             ||     3
 Fire: Hunting sling     ||     9
Throw: Stone             ||     9
  Use: Scroll            ||     1
Armor: Chain mail        ||    61
Dodge: Dodged            ||    20

Table legend: (Time is in decaauts)
 A = Elapsed time spent in this place.
 B = Non-inter-level travel time spent in this place.
 C = Inter-level travel time spent in this place.
 D = Time resting spent in this place.
 E = Time spent auto-exploring this place.
 F = Levels seen in this place.
 G = Mean time per level.
                   A        B        C        D        E       F      G
               +--------+--------+--------+--------+--------+-----+--------+
         Total |    754 |    645 |    109 |    200 |    110 |   4 |  188.5 |
       Dungeon |    754 |    645 |    109 |    200 |    110 |   4 |  188.5 |
               +--------+--------+--------+--------+--------+-----+--------+

Top non-repeatable levels by time:
     D:1: 631 daAuts
     D:4: 45 daAuts
     D:2: 43 daAuts
     D:3: 34 daAuts
